 Dungeon Crawl Stone Soup version 0.29-a0-88-g03a7b78be7 (webtiles) character file.

Game seed: 6871602069641486075

118 enile the Skirmisher (level 5, -8/57 HPs)
             Began as an Ogre Fire Elementalist on Feb 6, 2022.
             Mangled by Crazy Yiuf (11 damage)
             ... on level 2 of the Dungeon.
             The game lasted 00:05:14 (3367 turns).

enile the Skirmisher (Ogre Fire Elementalist)       Turns: 3367, Time: 00:05:15

Health: -8/57      AC:  3    Str: 11 (12) XL:     5   Next: 2%
Magic:  9/9        EV:  9    Int: 17 (18) God:
Gold:   38         SH:  0    Dex:  8 (9)  Spells: 4/10 levels left

rFire   . . .      SeeInvis .   i - +2 dagger (holy)
rCold   . . .      Faith    .   (no shield)
rNeg    . . .      Spirit   .   a - +0 robe
rPois   .          Reflect  .   (helmet restricted)
rElec   .          Harm     .   (no cloak)
rCorr   +          Rampage  .   (gloves unavailable)
Will    .....                   (boots unavailable)
Stlth   +.........              (no amulet)
HPRegen 0.19/turn               g - ring of resist corrosion
MPRegen 0.11/turn               (no ring)

@: lethally poisoned (-8 -> -17)
A: large, unfitting armour, tough skin 1
a: no special abilities


You were on level 2 of the Dungeon.
You visited 1 branch of the dungeon, and saw 2 of its levels.

You collected 38 gold pieces.

Inventory:

Hand Weapons
 f - a +0 short sword
 i - a +2 dagger of holy wrath (weapon)
Armour
 a - a +0 robe (worn)
Jewellery
 g - a ring of resist corrosion (left hand)
Scrolls
 b - a scroll of teleportation
 j - a scroll of vulnerability {unknown}
 l - a scroll of brand weapon {unknown}
Potions
 k - a potion of attraction {unknown}


   Skills:
 + Level 5.5 Fighting
 - Level 1.7 Dodging
 - Level 1.4 Stealth
 - Level 3.0 Spellcasting
 - Level 0.8 Conjurations
 - Level 2.6 Fire Magic


You had 4 spell levels left.
You knew the following spells:

 Your Spells              Type           Power      Damage    Failure   Level
a - Foxfire               Conj/Fire      32%        2x1d5     9%          1
b - Scorch                Fire           22%        2d6       9%          2
c - Conjure Flame         Conj/Fire      8%         6-21      26%         3

Your spell library contained the following spells:

 Spells                   Type           Power      Damage    Failure   Level
 Inner Flame              Hex/Fire       7%         N/A       30%         3
 Flame Wave               Conj/Fire      8%         2d5       63%         4


Dungeon Overview and Level Annotations

Branches:
Dungeon (2/15)

Altars:

Shops:
D:1 (

Annotations:
D:2 Crazy Yiuf


Innate Abilities, Weirdness & Mutations

You are too large for most types of armour.
You have tough skin. (AC +1)


Message History

Crazy Yiuf grits, "Powder!
Adder mobile King."
Casting: Scorch (safe; 9% risk of failure)
Confirm with . or Enter, or press ? or * to list all spells.
Flames lash Crazy Yiuf.
Crazy Yiuf is lightly wounded.
Crazy Yiuf's fire resistance burns away.
Crazy Yiuf closely misses you.
Crazy Yiuf hits you with a +4 quarterstaff of chaos!
Crazy Yiuf freezes you.
* * * LOW HITPOINT WARNING * * *
Crazy Yiuf is no longer more vulnerable to fire.
Crazy Yiuf twirls on the spot.
Crazy Yiuf flaps his cloak.
Crazy Yiuf says, "Hah!
Two turtle bush."
Crazy Yiuf twirls on the spot.
Crazy Yiuf says, "You eyeball tortoise!"
Crazy Yiuf laughs, "Snoogle sow action!"
There is a stone staircase leading up, spattered with blood here.
Crazy Yiuf screams, "Trifle unthinkable meccalolo!"
Casting: Scorch (safe; 9% risk of failure)
Confirm with . or Enter, or press ? or * to list all spells.
Okay, then.
Crazy Yiuf says, "Snurf head horse!"
Crazy Yiuf hits you with a +4 quarterstaff of chaos!
* * * LOW HITPOINT WARNING * * *
You are lethally poisoned!
As you read the scroll of summoning, it crumbles to dust.
Wisps of shadow whirl around you...
* * * LOW HITPOINT WARNING * * *
You feel very sick.
Crazy Yiuf hits you with a +4 quarterstaff of chaos.
* * * LOW HITPOINT WARNING * * *
It was a potion of degeneration.
There was something very wrong with that liquid.
You feel weakened.
You feel dopey.
You feel clumsy.
* * * LOW HITPOINT WARNING * * *
You feel sick.
Your adder bites Crazy Yiuf but does no damage.
Crazy Yiuf hits you with a +4 quarterstaff of chaos!
You die...

.##........#####.###
...................#
.#.##.##########...#
...##>...######..###
...#####..##....## ....##
##....#..##########
..#..###...##..###......>#
..##..##.#.##.####.......#
...#............@.S......#
##....##........bg.......#
##..#....................#
#.......#................#
.....##.#..........#######
####..............##
.......)..........#
#......#..........#
...<..............#


You could see Crazy Yiuf (ally target), a friendly adder (summoned) and a
friendly bat (summoned).

Vanquished Creatures
  4 gnolls
  3 adders (D:2)
  8 ball pythons
  6 bats
  8 endoplasms
  2 giant cockroaches
  4 hobgoblins
  2 quokkas (D:1)
  6 frilled lizards
  5 goblins
  3 kobolds
  3 rats
54 creatures vanquished.

Vanquished Creatures (others)
  168 foxfires
168 creatures vanquished.

Grand Total: 222 creatures vanquished

Notes
Turn   | Place    | Note
-------+----------+-------------------------------------------
     0 | D:1      | enile the Ogre Fire Elementalist began the quest for the
                  | Orb.
     0 | D:1      | Reached XP level 1. HP: 16/16 MP: 3/3
   177 | D:1      | Reached skill level 1 in Fighting
   355 | D:1      | Reached skill level 2 in Fighting
   355 | D:1      | Reached XP level 2. HP: 28/28 MP: 1/5
   625 | D:1      | Reached skill level 3 in Fighting
   815 | D:1      | Found Ganwekku's Weapon Shoppe.
   948 | D:1      | Reached XP level 3. HP: 37/37 MP: 3/6
  1734 | D:1      | Reached skill level 4 in Fighting
  1738 | D:1      | Learned a level 2 spell: Scorch
  2053 | D:2      | Reached XP level 4. HP: 49/49 MP: 3/8
  2457 | D:2      | Reached skill level 5 in Fighting
  2638 | D:2      | Reached XP level 5. HP: 52/57 MP: 0/9
  2933 | D:2      | Found a runed translucent door.
  2934 | D:2      | Noticed Crazy Yiuf
  2950 | D:2      | Learned a level 3 spell: Conjure Flame
  3367 | D:2      | Mangled by Crazy Yiuf

Illustrated notes

Levels and vault maps discovered:
D:1:      dpeg_arrival_circle_labyrinth_c, layout_basic, serial_shops,
          nicolae_shop_hallway_stairs, st_stairs_7
D:2:      layout_rooms, uniq_crazy_yiuf_cottage

Skill      XL: |  1  2  3  4 |
---------------+-------------+-----
Fighting       | 2 3 4 5 |  5.5
Spellcasting   | 3 |  3.0
Dodging        | |  1.7
Stealth        | |  1.4
Conjurations   | |  0.8
Fire Magic     | |  2.6

Action                   |  1- 3 |  4- 6 || total
-------------------------+-------+-------++-------
Melee: Short sword       |     2 |       ||     2
       Dagger            |    13 |     2 ||    15
 Cast: Foxfire           |    57 |    48 ||   105
       Scorch            |     4 |     4 ||     8
       Conjure Flame     |       |     5 ||     5
  Use: Potion            |       |     2 ||     2
       Scroll            |       |     3 ||     3
Armor: Robe              |    12 |     1 ||    13
Dodge: Dodged            |    19 |     7 ||    26

Table legend: (Time is in decaauts)
 A = Elapsed time spent in this place.
 B = Non-inter-level travel time spent in this place.
 C = Inter-level travel time spent in this place.
 D = Time resting spent in this place.
 E = Time spent auto-exploring this place.
 F = Levels seen in this place.
 G = Mean time per level.
                   A        B        C        D        E       F      G
               +--------+--------+--------+--------+--------+-----+--------+
         Total |   3367 |   3232 |    135 |    494 |   2174 |   2 | 1683.5 |
       Dungeon |   3367 |   3232 |    135 |    494 |   2174 |   2 | 1683.5 |
               +--------+--------+--------+--------+--------+-----+--------+

Top non-repeatable levels by time:
     D:1: 2035 daAuts
     D:2: 1332 daAuts
